 Dungeon Crawl Stone Soup version 0.30-a0-1043-g60ff8d5f49 (webtiles) character file.

Game seed: 17956362861834340779

340266 cforsyth the Spry (level 21, -2/154 HPs)
             Began as an Octopode Summoner on Apr 9, 2023.
             Was an Initiate of Gozag.
             Killed from afar by a deep elf annihilator (38 damage)
             ... with a crystal spear
             ... on level 3 of the Elven Halls.
             The game lasted 01:51:11 (57017 turns).

cforsyth the Spry (Octopode Summoner)              Turns: 57017, Time: 01:51:12

Health: -2/154     AC: 30    Str:  9    XL:     21   Next: 98%
Magic:  38/45      EV: 36    Int: 26    God:    Gozag
Gold:   3770       SH:  0    Dex: 13    Spells: 6/42 levels left

rFire   . . .      SeeInvis +    y - melded staff of air
rCold   + . .      Faith    .    (shield currently unavailable)
rNeg    . . .      Spirit   .    X - melded +1 hat
rPois   ∞          Reflect  .    g - amulet of magic regeneration
rElec   +          Rampage  .    S - +4 ring of protection
rCorr   +                        t - +4 ring of protection
Will    +....                    R - +5 ring of evasion
Stlth   ++                       u - ring of see invisible
HPRegen 0.45/turn                I - ring of protection from cold
MPRegen 0.69/turn                Q - +4 ring of protection
                                 o - ring of magical power
                                 s - ring of resist corrosion

@: storm-form, gold aura, flying, studying Short Blades
A: cleaving, insubstantial, flying, almost no armour, amphibious, 8 rings,
(camouflage 1), (gelatinous body 1), (nimble swimmer 1), (tentacles)
}: 2/15 runes: decaying, serpentine
a: Blinkbolt, End Transformation, Renounce Religion, Potion Petition, Call
Merchant, Bribe Branch


You were on level 3 of the Elven Halls.
You worshipped Gozag.
Gozag was most pleased with you.
You were a lightning-filled tempest!
You visited 8 branches of the dungeon, and saw 38 of its levels.
You visited the Abyss 2 times.
You visited 1 bazaar.
You also visited: Ossuary and Ice Cave.

You collected 20470 gold pieces.
You spent 3630 gold pieces at shops.
You paid 13070 gold pieces to Gozag.

Inventory:

Hand Weapons
 Y - the +6 dagger of Defence {venom, rF++ Stlth-}
   (You bought it in a shop in a bazaar)

   rF:        It greatly protects you from fire.
   Stlth:     It makes you less stealthy.
Armour
 i - the +1 kite shield of Space {rN+ Str+3 Dex+3}
   (You found it on level 6 of the Dungeon)

   Str:       It affects your strength (+3).
   Dex:       It affects your dexterity (+3).
   rN:        It protects you from negative energy.
 X - a +1 hat (melded)
Magical Staves
 y - a staff of air (melded)
Jewellery
 g - an amulet of magic regeneration (around neck)
 m - a ring of positive energy
 o - a ring of magical power (on tentacle)
 s - a ring of resist corrosion (on tentacle)
 t - a +4 ring of protection (right tentacle)
 u - a ring of see invisible (on tentacle)
 I - a ring of protection from cold (on tentacle)
 O - a ring of wizardry
 P - a ring of protection from cold
 Q - a +4 ring of protection (on tentacle)
 R - a +5 ring of evasion (on tentacle)
 S - a +4 ring of protection (left tentacle)
 W - an amulet of regeneration
 Z - a +5 ring of evasion
Wands
 b - a wand of mindburst (12)
 d - a wand of flame (94)
 F - a wand of roots (18)
 J - a wand of digging (24)
 N - a wand of light (9)
 U - a wand of paralysis (24)
Scrolls
 c - 10 scrolls of silence
 e - 5 scrolls of enchant armour
 h - 3 scrolls of magic mapping
 j - 15 scrolls of teleportation
 n - 9 scrolls of fear
 r - a scroll of brand weapon
 B - 7 scrolls of enchant weapon
 C - 3 scrolls of amnesia
 D - 5 scrolls of fog
 H - 7 scrolls of poison
 L - a scroll of blinking
 M - a scroll of summoning
 T - a scroll of identify
 V - 6 scrolls of immolation
Potions
 a - 6 potions of magic
 f - 3 potions of invisibility
 k - 3 potions of berserk rage
 l - 17 potions of curing
 p - 5 potions of mutation
 q - 8 potions of haste
 v - 9 potions of flight
 w - 7 potions of lignification
 x - a potion of heal wounds
 z - 2 potions of brilliance
 A - 5 potions of might
 E - 6 potions of attraction
 G - 4 potions of cancellation
 K - 5 potions of resistance


   Skills:
 + Level 16.6 Fighting
 + Level 19.0 Dodging
 - Level 2.6 Stealth
 + Level 11.6 Unarmed Combat
 - Level 11.3 Spellcasting
 - Level 4.0 Hexes
 - Level 12.7 Summonings
 - Level 4.0 Translocations
 - Level 17.4 Transmutations
 - Level 17.4 Air Magic


You had 6 spell levels left.
You knew the following spells:

 Your Spells              Type           Power      Damage    Failure   Level
a - Storm Form            Tmut/Air       40%        N/A       2%          7
b - Call Imp              Summ           100%       N/A       1%          2
c - Call Canine Familiar  Summ           69%        N/A       1%          3
d - Summon Guardian Gole  Hex/Summ       55%        N/A       1%          3
e - Summon Lightning Spi  Summ/Air       75%        N/A       1%          4
f - Summon Forest         Summ/Tloc      27%        N/A       3%          5
g - Summon Cactus Giant   Summ           34%        N/A       3%          6
h - Summon Mana Viper     Hex/Summ       55%        N/A       3%          5
i - Summon Small Mammal   Summ           100%       N/A       1%          1

Your spell library contained the following spells:

 Spells                   Type           Power      Damage    Failure   Level
 Beastly Appendage        Tmut           100%       N/A       0%          1
 Wereblood                Tmut           81%        N/A       0%          2
 Swiftness                Air            81%        N/A       0%          3
 Shock                    Conj/Air       100%       1d9       1%          1
 Cigotuvi's Dreadful Rot  Necr/Pois/Air  90%        N/A       1%          2
 Ignite Poison            Fire/Tmut/Pois 45%        N/A       1%          3
 Vhi's Electric Charge    Tloc/Air       100%       N/A       1%          3
 Airstrike                Air            40%        2d(6-22)  1%          4
 Ice Form                 Ice/Tmut       57%        N/A       1%          4
 Petrify                  Tmut/Erth      57%        N/A       1%          4
 Blade Hands              Tmut           40%        N/A       1%          5
 Yara's Violent Unravell  Hex/Tmut       31%        3d13      1%          5
 Momentum Strike          Conj/Tloc      50%        3d9       2%          2
 Portal Projectile        Hex/Tloc       70%        N/A       2%          3
 Tukima's Dance           Hex            35%        N/A       2%          3
 Arcjolt                  Conj/Air       28%        1d38      3%          5
 Freeze                   Ice            56%        1d7       4%          1
 Magic Dart               Conj           56%        1d5       4%          1
 Necrotise                Necr           56%        1d6       4%          1
 Dazzling Flash           Conj/Hex       50%        N/A       5%          3
 Inner Flame              Hex/Fire       25%        N/A       5%          3
 Volatile Blastmotes      Fire/Tloc      50%        2d14      5%          3
 Searing Ray              Conj           28%        2d5       6%          2
 Sublimation of Blood     Necr           14%        N/A       6%          2
 Manifold Assault         Tloc           35%        N/A       8%          4
 Freezing Cloud           Conj/Ice/Air   22%        6-21      11%         5
 Frozen Ramparts          Ice            28%        1d5       12%         3
 Hailstorm                Conj/Ice       14%        3d5       12%         3
 Ozocubu's Armour         Ice            14%        N/A       12%         3
 Anguish                  Hex/Necr       12%        N/A       17%         4
 Fulminant Prism          Conj/Hex       12%        3d9       17%         4
 Iskenderun's Mystic Bla  Conj/Tloc      25%        2d7       17%         4
 Eringya's Noxious Bog    Tmut/Pois      28%        N/A       17%         6
 Plasma Beam              Fire/Air       28%        2x1d44    17%         6
 Statue Form              Tmut/Erth      38%        N/A       17%         6
 Sticky Flame             Conj/Fire      14%        2d4       36%         4
 Metabolic Englaciation   Hex/Ice        12%        N/A       43%         5
 Lee's Rapid Deconstruct  Erth           7%         3d6*      73%         5
 Dispersal                Tloc           17%        N/A       75%         6
 Death Channel            Necr           7%         N/A       99%         6
 Starburst                Conj/Fire      7%         6d4       99%         6
 Monstrous Menagerie      Summ           34%        N/A       19%         7
 Summon Hydra             Summ           34%        N/A       19%         7
 Maxwell's Capacitive Co  Air            40%        ∞         21%         8
 Enfeeble                 Hex            17%        N/A       100%        7
 Disjunction              Tloc           17%        N/A       100%        8
 Necromutation            Tmut/Necr      28%        N/A       100%        8
 Death's Door             Necr           7%         N/A       100%        9
 Simulacrum               Ice/Necr       Unusable   N/A       N/A         6

Dungeon Overview and Level Annotations

Branches:
Dungeon (15/15)            Temple (1/1) D:5            Lair (5/5) D:11
  Swamp (4/4) Lair:3        Snake (4/4) Lair:2        Slime (0/5) Lair:4
    Orc (2/2) D:9             Elf (3/3) Orc:2        Vaults (4/5) D:13
  Crypt (0/3) Vaults:3     Depths (0/4) D:15        Ossuary (visited)
  IceCv (visited)

Altars:
Ashenzari
Cheibriados
Dithmenos
Elyvilon
Fedhas
Gozag
Hepliaklqana
Kikubaaqudgha
Makhleb
Nemelex Xobeh
Okawaru
Qazlal
Ru
Sif Muna
Trog
Uskayaw
Vehumet
Wu Jian
Xom
Yredelemnul
Zin
The Shining One

Shops:
D:4 ::   D:9 [[   D:10 *   Orc:2 [[[(   Elf:2 *   Elf:3 :==   Lair:1 !?:=::=?!=
Vaults:3 [   Vaults:4 ***!

Annotations:
D:6 2 runed translucent doors, Scrimshaw's ghost, amateur MiGl
Lair:4 1 runed translucent door
Swamp:4 Lernaean hydra
Snake:2 2 transporters, Emynorhu's ghost, journeyman DsGl
Elf:1 2 transporters, Unforgiven's ghost, adept AtFi


Innate Abilities, Weirdness & Mutations

You are a lightning-filled tempest!
Your electrical attacks strike out in all directions at once.
You are incredibly evasive.
Your insubstantial body is immune to petrification, constriction, and being set on fire You are flying.
You are immune to poison.
Your armour is entirely melded.
You are incapable of wielding weapons or throwing items.
You cannot wear most types of armour.
You are amphibious.
You can wear up to eight rings at the same time.
((Your skin changes colour to match your surroundings (Stealth+).))
((Your rubbery body absorbs attacks. (AC +1, EV +1)))
((You are camouflaged when in or above water. (Stealth+)))
((You have tentacles for arms and can constrict up to eight enemies at once.))


Message History

The deep elf annihilator hits your cactus giant with a +0 short sword!
A deep elf demonologist comes into view.
It is wielding the +5 rapier of the Supporting Jester {venom, rElec rCorr Str+5 Dex-2} and wearing the ring "Fiumn" {rPois rC+ Str+4}.
Found five items.
The deep elf annihilator is struck by your cactus giant's spines.
The deep elf annihilator hits your cactus giant with a +0 short sword!
The deep elf demonologist is distracted by your dazzling golden aura.
There is an open door, spattered with blood here.
Items here: $ ) = [.
A deep elf annihilator comes into view.
It is wielding the +4 dagger "Xuacsy" {antimagic, SInv Stlth+}.
Found a staff of earth, a glowing sling and a rapier.
The deep elf demonologist shouts!
The deep elf annihilator casts a spell at you.
The bolt of lightning hits the deep elf demonologist!
The deep elf demonologist resists.
The deep elf demonologist is no longer distracted by gold.
The bolt of lightning hits you. You resist.
* * * LOW HITPOINT WARNING * * *
Something hits your cactus giant!
The deep elf demonologist gestures at you while chanting.
You easily resist.
You see here a staff of earth.
You batter the deep elf demonologist!!
The deep elf demonologist is severely wounded.
The deep elf annihilator casts a spell.
The deep elf annihilator blinks!
The deep elf demonologist mumbles some strange words.
You blast the deep elf demonologist!!!
You kill the deep elf demonologist!
The hell beast disappears in a puff of smoke!
Found a rapier.
Items here: ! $ )) = [.
The deep elf annihilator mumbles some strange words.
The deep elf annihilator blinks!
Casting: Summon Mana Viper (mildly dangerous; 3% risk of failure)
Confirm with . or Enter, or press ? or * to list all spells.
A mana viper appears with a sibilant hiss.
The deep elf annihilator gestures at you while chanting.
The crystal spear hits you!!!
You die...
Your body crumbles into a pile of gold.

#### #.......... #..........
##.....e.... #...........§......
#e#...#...#. ..... #C##..##..#
..... ### #.###.# #.# .... ..##
### #e##### ## #..# ...## #..
#$|v# $ $ #.§# $ ...^###..
#[$C})e|.)§ #$$# $$ .....'..#
#)=.S.}.})) #$$# $ .....##.#
##.[##.|##. #.$# $ .....##.#
############ ####$$# ##
.....##(###.........'. #...$[.##.
.....'....+.........#. #...)..#..
.....##..##..)......#..#.##.e)'..
.....##..###....[...#..#.##..##..


You could see 2 deep elf annihilators, a friendly mana viper (summoned) and a
friendly cactus giant (summoned).

Vanquished Creatures
  A lich (Abyss:3)
  A deep elf blademaster (Elf:3)
  2 deep elf master archers (Elf:3)
  Frances (Elf:1)
  An ancient champion (Vaults:3)
  2 sphinxes
  2 thorn hunters
  4 nagarajas (Snake:4)
  6 deep elf sorcerers (Elf:3)
  10 vault wardens
  4 ghouls
  A broodmother (shapeshifter) (Vaults:1)
  2 deep elf elementalists (Elf:3)
  4 ironbound thunderhulks
  5 ironbound preservers
  6 very ugly things
  An orc warlord (Vaults:1)
  5 war gargoyles
  A stone giant (Vaults:2)
  4 deep elf demonologists (Elf:3)
  A dire elephant (Vaults:3)
  4 eleionomae
  3 bunyips
  2 deep elf annihilators (Elf:3)
  The ghost of NinjaNoafa the Spry, a journeyman FeSu of Gozag (Swamp:1)
  A starcursed mass (Abyss:3)
  6 deep elf death magi
  An ettin (Vaults:3)
  A shambling mangrove (Swamp:2)
  6 yaktaur captains
  A jiangshi (Vaults:3)
  2 deep elf high priests (Elf:3)
  A rakshasa (Abyss:3)
  An entropy weaver (Vaults:2)
  2 vault guards (Vaults:3)
  8 great orbs of eyes
  3 peacekeepers
  5 salamander tyrants
  13 hydras
  5 anacondas
  4 ghost crabs
  6 ironbound frosthearts
  12 alligators
  2 centaur warriors
  15 dancing weapons
  11 naga warriors
  A spriggan berserker (Swamp:1)
  6 shock serpents
  10 naga sharpshooters
  14 deep elf knights
  A titan zombie (Vaults:4)
  A wretched star (Abyss:3)
  A goliath frog (Swamp:4)
  4 spriggan druids
  5 salamander mystics
  A flayed ghost (Vaults:3)
  13 deep trolls
  6 bog bodies
  3 wizards
  11 swamp dragons
  6 deep elf archers
  2 lindwurms (Vaults:4)
  3 naga ritualists
  3 necromancers
  14 deep elf zephyrmancers
  7 mana vipers
  16 deep elf pyromancers
  2 phantasmal warriors (Vaults:3)
  12 ironbound convokers
  A tengu skeleton (Vaults:3)
  18 salamanders
  An orc sorcerer (Elf:2)
  8 ugly things
  2 moths of wrath (Swamp:1)
  6 will-o-the-wisps
  A human zombie (Vaults:3)
  A frost giant skeleton (Vaults:3)
  2 human skeletons (Vaults:3)
  6 vault sentinels
  7 naga magi
  2 smoke demons (Abyss:3)
  A rust devil (Abyss:3)
  16 black mambas
  7 guardian serpents
  A water nymph (shapeshifter) (Elf:3)
  A demonic crawler (Abyss:3)
  34 yaktaurs
  An efreet (Abyss:3)
  A komodo dragon (shapeshifter) (Abyss:3)
  2 ancient zymes (Abyss:3)
  A tengu conjurer (D:8)
  8 tyrant leeches
  A dream sheep (Lair:2)
  9 hornets
  10 raiju (Abyss:3)
  A blink frog (Lair:5)
  2 air elementals
  A jumping spider (shapeshifter) (Elf:3)
  9 slime creatures
  8 spriggans
  A jumping spider (Vaults:2)
  A water elemental (Elf:3)
  3 fire elementals
  A redback (Vaults:2)
  6 vampire mosquitoes
  6 large abominations
  10 swamp worms
  31 nagas
  3 nameless horrors
  9 swamp drakes
  2 small abominations (Abyss:3)
  4 boggarts (Vaults:1)
  3 elf zombies (Elf:1)
  2 bullfrogs
  5 earth elementals
  2 water moccasin zombies (Ossuary)
  4 hounds
  5 orc wizards
  4 adders
  A white imp (D:6)
  An adder zombie (Ossuary)
  A dart slug (D:1)
  6 orcs
  An endoplasm (D:1)
  2 giant cockroaches
  A gnoll zombie (Ossuary)
  A goblin (D:2)
  A hobgoblin (D:1)
  2 jackals (D:2)
  3 kobolds
  2 quokkas
  A ball python (D:2)
  7 bats
  A kobold zombie (Ossuary)
  An orc zombie (Ossuary)
  3 rats
  A briar patch (Swamp:2)
  2 pillars of salt (Orc:2)
631 creatures vanquished.

Vanquished Creatures (collateral kills)
  Nikola (Snake:1)
  Jorgrun (Swamp:2)
  A tentacled monstrosity (Swamp:3)
  A sphinx (Vaults:4)
  A nagaraja (Snake:4)
  2 vault wardens
  A deep elf sorcerer (Elf:3)
  An ironbound preserver (Vaults:3)
  3 very ugly things
  An eleionoma (Swamp:1)
  A bunyip (Swamp:4)
  Azrael (Snake:1)
  A white draconian (IceCv)
  3 dire elephants (Vaults:3)
  A crystal guardian (Vaults:4)
  Snorg (Lair:4)
  A shambling mangrove (Swamp:3)
  Josephine (D:14)
  Fannar (D:10)
  9 hydras
  A great orb of eyes (Vaults:1)
  A merfolk avatar (Lair:5)
  4 salamander tyrants
  2 ironbound frosthearts
  4 anacondas
  5 centaur warriors
  Erica (D:9)
  An anaconda (shapeshifter) (D:13)
  7 naga warriors
  2 boulder beetles
  8 dancing weapons (Elf:2)
  5 death yaks (Lair:4)
  A tengu warrior (D:13)
  6 two-headed ogres
  12 naga sharpshooters
  5 shock serpents
  Urug (Orc:1)
  An orc high priest (Elf:2)
  2 deep elf knights (Elf:2)
  A spriggan berserker (Swamp:1)
  An iron troll (D:13)
  2 salamander mystics
  2 skysharks (Lair:5)
  3 sea snakes
  3 spriggan druids
  A goliath frog (Swamp:3)
  A swamp dragon (Swamp:3)
  A naga ritualist (Snake:2)
  2 lindwurms (Vaults:1)
  5 mana vipers
  7 deep elf pyromancers
  14 ugly things
  A wizard (D:15)
  2 ironbound convokers (Vaults:1)
  A shadow dragon zombie (Vaults:4)
  3 deep elf archers
  2 harpies (Lair:5)
  5 deep elf zephyrmancers
  3 necromancers
  8 orc knights
  6 orc sorcerers
  3 cyclopes
  4 manticores
  8 salamanders
  14 elephants
  2 ice statues (IceCv)
  11 naga magi
  12 black mambas
  2 guardian serpents
  2 gargoyles
  A smoke demon (D:13)
  18 cane toads
  A centaur skeleton (D:15)
  6 rime drakes
  4 komodo dragons
  2 kobold demonologists (D:11)
  3 yaktaurs (Vaults:1)
  An efreet (D:15)
  7 hornets
  6 trolls
  Grinder (D:4)
  2 polar bears (Lair:5)
  A wind drake (Lair:5)
  9 blink frogs
  2 saltlings (Orc:2)
  3 dream sheep (Lair:3)
  2 snapping turtles (Lair:5)
  2 centaur simulacra (D:14)
  9 slime creatures
  A water elemental (Elf:2)
  8 spriggans
  9 wyverns
  A vampire (D:5)
  5 wraiths
  39 yaks
  3 basilisks
  A large abomination (Elf:1)
  A fire elemental (Snake:1)
  Eustachio (D:6)
  5 vampire mosquitoes
  4 wargs
  2 steam dragons
  A glowing shapeshifter zombie (Vaults:4)
  3 swamp worms
  29 nagas
  A floating eye (shapeshifter) (D:13)
  2 hell hounds (Snake:1)
  19 orc warriors
  3 swamp drakes
  11 water moccasins
  2 ice beasts (D:7)
  A sky beast (D:6)
  4 black bears
  A human zombie (Vaults:4)
  4 ogres
  11 wolves
  10 centaurs
  A lemure (D:7)
  2 phantoms
  An elf zombie (Elf:1)
  3 kobold brigands (D:11)
  8 bullfrogs
  4 gnoll sergeants
  A scorpion (D:5)
  5 water moccasin zombies (Ossuary)
  An earth elemental (Elf:1)
  12 wights
  11 killer bees
  4 lindwurm simulacra (IceCv)
  An electric eel (Snake:1)
  2 jellies
  5 howler monkeys
  4 crimson imps (D:13)
  6 komodo dragon simulacra (IceCv)
  A human simulacrum (Vaults:4)
  15 orc priests
  2 hounds
  A boggart zombie (D:15)
  3 sleepcaps
  15 orc wizards
  2 yak simulacra (Lair:2)
  3 iguanas
  6 wolf simulacra (Lair:2)
  2 nameless horrors
  A boggart simulacrum (D:15)
  2 mummies (Ossuary)
  19 gnolls
  5 acid dragon simulacra (IceCv)
  12 adders
  7 white imps
  6 steam dragon simulacra (IceCv)
  9 adder zombies (Ossuary)
  2 worms
  A dart slug (D:4)
  57 orcs
  2 endoplasms
  5 gnoll zombies (Ossuary)
  2 goblins
  4 hobgoblins
  A jackal (D:2)
  2 ball pythons
  A bat (D:1)
  A frilled lizard (D:2)
  3 hobgoblin zombies (Ossuary)
  11 kobolds
  A kobold zombie (Ossuary)
  3 orc zombies (Ossuary)
  5 rats
  3 river rat simulacra (Lair:2)
  7 briar patches (Swamp:2)
  2 bushes
  2 butterflies (Lair:2)
  3 pillars of salt (Orc:2)
796 creatures vanquished.

Vanquished Creatures (others)
  2 hydras
  An anaconda (Snake:3)
  An orc high priest (Orc:2)
  5 deep elf knights
  Pikel (D:7)
  An orc knight (Orc:2)
  A salamander (Snake:4)
  A black mamba (Snake:4)
  An ice devil (D:13)
  A polar bear (Lair:5)
  2 trolls
  2 bloated husks
  An orc warrior (D:7)
  A lemure (D:7)
  2 kobold brigands
  A scorpion (D:4)
  A killer bee (D:9)
  A hound (D:7)
  An orc priest (D:7)
  An orc (D:7)
  12 foxfires
  38 fungi
  4 pillars of salt (Orc:2)
  56 plants
  26 snaplasher vines
  35 withered plants (Swamp:3)
199 creatures vanquished.

Grand Total: 1626 creatures vanquished

Notes
Turn   | Place    | Note
-------+----------+-------------------------------------------
     0 | D:1      | cforsyth the Octopode Summoner began the quest for the Orb.
     0 | D:1      | Reached XP level 1. HP: 11/11 MP: 3/3
   267 | D:1      | Reached XP level 2. HP: 17/17 MP: 0/5
  1443 | D:2      | Reached XP level 3. HP: 10/21 MP: 5/7
  1717 | D:2      | Found a faded altar of an unknown god.
  1919 | D:2      | Learned a level 2 spell: Call Imp
  1923 | D:2      | Learned a level 3 spell: Call Canine Familiar
  1938 | D:2      | Reached XP level 4. HP: 27/27 MP: 5/8
  2617 | D:3      | Reached skill level 5 in Summonings
  3034 | D:4      | Reached XP level 5. HP: 31/31 MP: 10/10
  3159 | D:4      | Found Waxin's Self-Improvement Boutique.
  3191 | D:4      | Noticed a phantom
  3209 | D:4      | Killed a phantom
  3210 | D:4      | Reached XP level 6. HP: 21/36 MP: 10/12
  3272 | D:4      | Found Alism's Book Boutique.
  3435 | D:4      | Noticed Grinder
  3450 | D:4      | Learned a level 3 spell: Summon Guardian Golem
  3500 | D:4      | Killed Grinder
  3501 | D:4      | Reached skill level 1 in Hexes
  3501 | D:4      | Reached XP level 7. HP: 41/41 MP: 12/14
  3537 | D:4      | Learned a level 4 spell: Summon Lightning Spire
  4020 | D:5      | Entered Level 5 of the Dungeon
  4203 | D:5      | Reached skill level 5 in Spellcasting
  4203 | D:5      | Reached skill level 1 in Air Magic
  5153 | D:5      | Noticed a vampire
  5211 | D:5      | Killed a vampire
  5212 | D:5      | Reached XP level 8. HP: 16/46 MP: 6/15
  5369 | D:5      | Found a staircase to the Ecumenical Temple.
  5378 | Temple   | Entered the Ecumenical Temple
  5446 | Temple   | Became a worshipper of Gozag Ym Sagoz the Greedy
  5593 | D:6      | Found an ancient bone altar of Kikubaaqudgha.
  5729 | D:6      | Identified the +1 kite shield of Space {rN+ Str+3 Dex+3}
  5741 | D:6      | Found a sand-covered staircase.
  5802 | Ossuary  | Entered an ossuary
  6422 | D:6      | Reached XP level 9. HP: 51/51 MP: 13/18
  6470 | D:6      | Found a runed translucent door.
  6476 | D:6      | Noticed Scrimshaw's ghost (amateur MiGl)
  6506 | D:6      | Found a runed translucent door.
  6589 | D:6      | Noticed Eustachio
  6601 | D:6      | Killed Eustachio
  6736 | D:6      | Found a snail-covered altar of Cheibriados.
  7027 | D:6      | Found a broken altar of Ashenzari.
  7051 | D:6      | Found a bloodstained altar of Trog.
  7565 | D:7      | Noticed Pikel
  7573 | D:7      | Killed Pikel
  7574 | D:7      | Reached XP level 10. HP: 56/56 MP: 16/22
  7846 | D:7      | Noticed a cyan ugly thing
  7858 | D:7      | Reached skill level 10 in Summonings
  7860 | D:7      | Killed a cyan ugly thing
  8071 | D:7      | Noticed a two-headed ogre
  8078 | D:7      | Killed a two-headed ogre
  8579 | D:4      | Bought a book of the Wilderness for 532 gold pieces
  8585 | D:4      | Learned a level 5 spell: Summon Mana Viper
  9243 | D:8      | Found a blossoming altar of Fedhas.
  9245 | D:8      | You fall into a shaft and drop 1 floor!
  9318 | D:9      | Found a glowing golden altar of the Shining One.
  9524 | D:9      | Identified the +12 chain mail "Naxus" {rPois rF+ Str+4}
  9849 | D:8      | Reached skill level 10 in Spellcasting
 10038 | D:9      | Reached XP level 11. HP: 33/61 MP: 13/25
 10135 | D:9      | Found Ziamuysmub's Antique Armour Emporium.
 10299 | D:9      | Found a staircase to the Orcish Mines.
 10300 | D:9      | Found Wammol's Armour Emporium.
 10629 | D:9      | Found a shadowy altar of Dithmenos.
 10698 | D:9      | Noticed Erica
 10703 | D:9      | Killed Erica
 10712 | D:9      | Learned a level 5 spell: Summon Forest
 10719 | D:9      | Learned a level 6 spell: Summon Cactus Giant
 10909 | D:10     | Entered Level 10 of the Dungeon
 10930 | D:10     | Got Coskiohi's Lectures on the Torrid Blink Frog
 10974 | D:10     | Noticed a two-headed ogre
 10985 | D:10     | Reached skill level 1 in Fighting
 10985 | D:10     | Reached skill level 1 in Translocations
 10990 | D:10     | Killed a two-headed ogre
 10991 | D:10     | Reached skill level 3 in Dodging
 11282 | D:10     | Noticed Fannar
 11293 | D:10     | Killed Fannar
 11356 | D:10     | Found Higilor's Serpentskin Sales.
 11360 | D:10     | Reached skill level 4 in Dodging
 11594 | D:11     | Noticed a cyan ugly thing
 11605 | D:11     | Killed a cyan ugly thing
 11733 | D:11     | Reached skill level 5 in Dodging
 11737 | D:11     | Reached XP level 12. HP: 71/75 MP: 12/26
 11773 | D:11     | Found a staircase to the Lair.
 11781 | D:11     | Identified the +4 mace "Ucsehol" {protect, rF+}
 11850 | D:11     | Reached skill level 5 in Fighting
 11932 | D:11     | Reached skill level 6 in Dodging
 12212 | D:11     | Noticed a boulder beetle
 12222 | D:11     | Killed a boulder beetle
 12876 | D:12     | Noticed a centaur warrior
 12892 | D:12     | Killed a centaur warrior
 12893 | D:12     | Reached skill level 7 in Dodging
 13188 | D:12     | Noticed a two-headed ogre
 13194 | D:12     | Killed a two-headed ogre
 13516 | D:13     | Noticed a centaur warrior
 13522 | D:13     | Killed a centaur warrior
 13532 | D:13     | Reached skill level 8 in Dodging
 13900 | D:13     | Noticed a centaur warrior
 13910 | D:13     | Killed a centaur warrior
 13960 | D:13     | Noticed a seven-headed hydra
 13971 | D:13     | Killed a seven-headed hydra
 14259 | D:13     | Reached skill level 9 in Dodging
 14259 | D:13     | Reached XP level 13. HP: 89/89 MP: 19/27
 14477 | D:13     | Found a gate to the Vaults.
 14800 | Lair:1   | Entered Level 1 of the Lair of Beasts
 15228 | Lair:1   | Reached skill level 10 in Dodging
 15858 | Lair:1   | Reached skill level 10 in Fighting
 16567 | Lair:2   | Found a staircase to the Snake Pit.
 17388 | Lair:2   | Reached skill level 11 in Dodging
 18120 | Lair:3   | Found a staircase to the Swamp.
 19099 | Lair:4   | Reached XP level 14. HP: 86/101 MP: 13/28
 19276 | Lair:4   | Noticed Snorg
 19283 | Lair:4   | Reached skill level 12 in Dodging
 19320 | Lair:4   | Killed Snorg
 19891 | Lair:4   | Found a runed translucent door.
 19891 | Lair:4   | Noticed an acid blob
 19892 | Lair:4   | Found a staircase to the Slime Pits.
 19892 | Lair:4   | Noticed an acid blob
 19892 | Lair:4   | Noticed an acid blob
 20032 | Lair:5   | Entered Level 5 of the Lair of Beasts
 20556 | Lair:5   | Reached skill level 1 in Transmutations
 20773 | Lair:5   | Reached skill level 5 in Air Magic
 21277 | Lair:5   | Reached skill level 5 in Transmutations
 21602 | Orc:1    | Entered Level 1 of the Orcish Mines
 21609 | Orc:1    | Found a frozen archway.
 21619 | IceCv    | Entered an ice cave
 22244 | IceCv    | Noticed a white draconian
 22263 | IceCv    | Killed a white draconian
 22264 | IceCv    | Reached XP level 15. HP: 93/109 MP: 14/30
 22798 | Orc:1    | Noticed Urug
 22808 | Orc:1    | Killed Urug
 22860 | Orc:1    | You fall into a shaft and drop 1 floor!
 22860 | Orc:2    | Entered Level 2 of the Orcish Mines
 22956 | Orc:2    | Found a staircase to the Elven Halls.
 23627 | Orc:2    | Found Zinla's Armour Shop.
 23958 | Orc:2    | Found Diesutir's Antique Armour Boutique.
 23966 | Orc:2    | Found Yxuokk's Antique Armour Boutique.
 24021 | Orc:2    | Bought a masterwork orb for 364 gold pieces
 24021 | Orc:2    | Identified the orb of the Camelopard {mayhem, Will+ Slay+2}
                  | (You bought it in a shop on level 2 of the Orcish Mines)
 24074 | Orc:2    | Found Vuerouzo's Weapon Emporium.
 24598 | Lair:1   | Bought a manual of Dodging for 1200 gold pieces
 25383 | D:14     | Noticed Josephine
 25395 | D:14     | Killed Josephine
 25551 | D:15     | Entered Level 15 of the Dungeon
 26105 | D:15     | Found a white marble altar of Elyvilon.
 26735 | D:15     | Found a staircase to the Depths.
 27104 | D:4      | Bought a book of the Sky for 616 gold pieces
 27112 | D:4      | Learned a level 7 spell: Storm Form
 27342 | Snake:1  | Entered Level 1 of the Snake Pit
 27407 | Snake:1  | Noticed Nikola
 27429 | Snake:1  | Killed Nikola
 27526 | Snake:1  | Found a flickering gateway to a bazaar.
 27538 | Bazaar   | Entered a bazaar
 27542 | Bazaar   | Found Myhur's Jewellery Boutique.
 27564 | Bazaar   | Found Hileer's Antique Armour Emporium.
 27585 | Bazaar   | Found Wofit's Book Boutique.
 27605 | Bazaar   | Found Qeducw's Antique Weapon Shoppe.
 27647 | Bazaar   | Bought a runed hat for 147 gold pieces
 27683 | Bazaar   | Bought a crude dagger for 147 gold pieces
 27683 | Bazaar   | Identified the +6 dagger of Defence {venom, rF++ Stlth-}
                  | (You bought it in a shop in a bazaar)
 27765 | Snake:1  | Reached XP level 16. HP: 82/115 MP: 22/31
 28036 | Snake:1  | Reached skill level 10 in Transmutations
 28039 | Snake:1  | Reached skill level 10 in Air Magic
 29107 | Snake:1  | Noticed Azrael
 29137 | Snake:1  | Killed Azrael
 29955 | Snake:2  | Found a transporter.
 29960 | Snake:2  | Noticed a nagaraja
 31154 | Snake:2  | Noticed Emynorhu's ghost (journeyman DsGl)
 31244 | Snake:2  | Found a transporter.
 33230 | Snake:3  | Reached XP level 17. HP: 58/120 MP: 32/32
 34809 | Snake:4  | Entered Level 4 of the Snake Pit
 36985 | Snake:4  | Reached skill level 15 in Transmutations
 36985 | Snake:4  | Reached XP level 18. HP: 126/126 MP: 18/33
 37137 | Snake:4  | Reached skill level 15 in Air Magic
 37506 | Snake:4  | Got a serpentine rune of Zot
 37886 | Lair:1   | Bought a scroll of acquirement for 624 gold pieces
 37943 | Swamp:1  | Entered Level 1 of the Swamp
 38648 | Swamp:1  | Noticed NinjaNoafa's ghost (journeyman FeSu)
 38830 | Swamp:1  | Found a transporter.
 39084 | Swamp:1  | Found a transporter.
 39197 | Swamp:1  | Found a bloodstained altar of Trog.
 39539 | Swamp:1  | Killed NinjaNoafa's ghost
 40388 | Swamp:2  | Identified the +0 falchion "Gud Ojih" {elec, rF+ Will-
                  | Int+2 Dex+2}
 40480 | Swamp:2  | Noticed Jorgrun
 40497 | Swamp:2  | Killed Jorgrun
 41820 | Swamp:3  | Noticed a tentacled monstrosity
 41828 | Swamp:3  | Killed a tentacled monstrosity
 42362 | Swamp:4  | Entered Level 4 of the Swamp
 42434 | Swamp:4  | Reached XP level 19. HP: 68/132 MP: 34/34
 42654 | Swamp:4  | Identified the +9 plate armour of Ferghubi {rN+ Regen+
                  | Str+2 Int+3}
 42793 | Swamp:4  | Noticed the 27-headed Lernaean hydra
 43097 | Swamp:4  | Got a decaying rune of Zot
 43410 | Swamp:4  | Identified the +3 dagger "Congia Wide" {heavy, rPois Str+4}
 44449 | Vaults:1 | Entered Level 1 of the Vaults
 44564 | Vaults:1 | Reached skill level 1 in Unarmed Combat
 44950 | Vaults:1 | Acquired 833 gold pieces
 44952 | Vaults:1 | Acquired 802 gold pieces
 44954 | Vaults:1 | Acquired 710 gold pieces
 44956 | Vaults:1 | Acquired 1166 gold pieces
 44969 | Vaults:1 | Reached skill level 13 in Dodging
 46184 | Vaults:1 | Reached skill level 14 in Dodging
 46458 | Vaults:2 | You are sucked into a shaft and drop 1 floor!
 46562 | Vaults:3 | Got the Omnibus of Combined Graupel
 46794 | Vaults:3 | Reached skill level 5 in Unarmed Combat
 47469 | Vaults:2 | Reached XP level 20. HP: 117/141 MP: 35/35
 47586 | Vaults:2 | Reached skill level 15 in Dodging
 47960 | Vaults:2 | Identified the +0 chain mail of Lightning Storm {rC+ Dex+2}
 48309 | Vaults:3 | Found a staircase to the Crypt.
 48737 | Vaults:3 | Paralysed by a sphinx for 2 turns
 49463 | Vaults:3 | Reached skill level 16 in Dodging
 49928 | Vaults:3 | Got the Grimoire of the Xenotype and the Torch
 50195 | Vaults:3 | Found Hiucopp's Armour Emporium.
 51531 | Vaults:4 | Found Suczub's Assorted Antiques.
 51611 | Vaults:4 | Found Nunuom's Assorted Antiques.
 51675 | Vaults:4 | Found Xeoczih's General Store.
 51689 | Vaults:4 | Identified the +9 dagger "Worm" {freeze, +Blink rPois rC-
                  | rN++ Int+2}
 51788 | Vaults:4 | Found Acooss's Distillery.
 51882 | Vaults:4 | Reached skill level 17 in Dodging
 52585 | Elf:1    | Entered Level 1 of the Elven Halls
 52799 | Elf:1    | Reached skill level 15 in Fighting
 52859 | Elf:1    | Noticed Frances
 52871 | Elf:1    | Killed Frances
 52952 | Elf:1    | Got the Omnibus of Skeletons
 53176 | Elf:1    | Reached XP level 21. HP: 141/151 MP: 36/36
 53253 | Elf:1    | Found a transporter.
 53260 | Elf:1    | Noticed Unforgiven's ghost (adept AtFi)
 53276 | Elf:1    | Found a transporter.
 53416 | Elf:1    | Paralysed by an air elemental for 1 turns
 54095 | Elf:2    | Reached skill level 18 in Dodging
 54164 | Elf:2    | Found Somoxt's Assorted Antiques.
 54577 | Elf:2    | Found a runed translucent gate.
 54578 | Elf:2    | Found a runed translucent gate.
 54578 | Elf:2    | Found a runed translucent gate.
 54604 | Elf:2    | Reached skill level 10 in Unarmed Combat
 55419 | Elf:3    | Entered Level 3 of the Elven Halls
 55475 | Elf:3    | Found Raod's Jewellery Shoppe.
 55477 | Elf:3    | Found Siotou's Book Boutique.
 55481 | Elf:3    | Found Ihucsar's Jewellery Shoppe.
 55847 | Elf:3    | Found a shimmering blue altar of Sif Muna.
 56260 | Abyss:3  | Cast into level 3 of the Abyss (a deep elf sorcerer)
 56303 | Elf:3    | Escaped the Abyss
 56380 | Abyss:3  | Cast into level 3 of the Abyss (a deep elf sorcerer)
 56385 | Abyss:3  | Found a corrupted altar of Lugonu.
 56416 | Abyss:3  | Found a corrupted altar of Lugonu.
 56524 | Abyss:3  | Found a corrupted altar of Lugonu.
 56542 | Abyss:3  | Found a corrupted altar of Lugonu.
 56962 | Elf:3    | Escaped the Abyss
 56992 | Elf:3    | Reached skill level 19 in Dodging
 57010 | Elf:3    | Identified the +5 rapier of the Supporting Jester {venom,
                  | rElec rCorr Str+5 Dex-2}
 57010 | Elf:3    | Identified the ring "Fiumn" {rPois rC+ Str+4}
 57011 | Elf:3    | Identified the +4 dagger "Xuacsy" {antimagic, SInv Stlth+}
 57017 | Elf:3    | Killed from afar by a deep elf annihilator

Illustrated notes

Levels and vault maps discovered:
D:1:      lemuel_arrival_funnel, layout_basic, serial_co_window_serial,
          co_window_paths_b, co_window_paths_b, co_window_paths_b,
          co_window_paths_a, co_window_paths_b, co_window_of_opportunity_a,
          co_window_corner_a, co_window_paths_b, co_window_of_opportunity_a,
          co_window_broadway_a, co_window_corner_ca, co_window_broadway_c,
          co_window_unsneaky_path_a, co_window_corner_b, co_window_corner_ca,
          co_window_unsneaky_path_b, glass_columns_b
D:2:      layout_loops_ring, ebering_ecumenical_altar_webs
D:3:      layout_basic, serial_corexii_hall, corexii_hall_statues_x,
          corexii_hall_statues_l
D:4:      layout_basic, serial_shops, shop, nicolae_shop_self_help, uniq_grinder
D:5:      layout_rooms, minmay_temple_entry_fiery, kennysheep_flooded_box
D:6:      layout_cave_pools, slow_altar_2, mainiacjoe_overflow_two_lobes,
          kiku_gazebo_pond_becter, ebering_ghost_sewer_f, enter_ossuary_1,
          uniq_eustachio
D:7:      nzn_winding_woodlands_three_and_one [nzn_winding_woodlands_5x15_twine,
          nzn_winding_woodlands_5x15_parted,
          nzn_winding_woodlands_5x15_sidewinder,
          nzn_winding_woodlands_center_triple_pond], layout_gridville,
          uniq_pikel
D:8:      layout_gridville, fedhas_altar_3, minmay_microvault
D:9:      layout_long_grid, nicolae_dithmenos_the_darkroom, lemuel_doored_altar,
          orc_david_3, serial_shops, shop, uniq_erica
D:10:     layout_roguey, guppyfry_shop_venom, uniq_fannar
D:11:     layout_irregular_city, minmay_lair_entry_grove, hangedman_decor_lopped
D:12:     layout_loops_ring
D:13:     layout_irregular_city, david_vaults_4,
          hangedman_abyss_or_decor_clamps, minmay_fire_ice_demons
D:14:     layout_small_grid, grunt_decor_clamped, uniq_josephine
D:15:     grunt_enter_depths_magical_seal, layout_irregular_city,
          minmay_misc_feat_square, elyvilon_altar_5
Temple:   nicolae_temple_superstar
Lair:1:   layout_regular_city
Lair:2:   layout_long_grid, guppyfry_snake_entry_garden, serial_bayou_pond_b,
          eino_house_with_fridge, lemuel_fruit_fields,
          infiniplex_staircase_pool_2
Lair:3:   layout_cave_pods, minmay_swamp_entry_worms
Lair:4:   layout_misc_corridors, slime_entry_2, uniq_snorg
Lair:5:   gammafunk_lair_ancient_temple, layout_regular_city
Swamp:1:  nicolae_swamp_tree_isthmus, layout_basic_swamp,
          gammafunk_ghost_wrathful_warriors, evilmike_swamp_ruin_rubble_2
Swamp:2:  layout_basic_swamp, hangedman_swamp_ruin_wall, swamp_pool5,
          infiniplex_staircase_pool, uniq_jorgrun
Swamp:3:  layout_basic_swamp, evilmike_swamp_ruin_house_2, st_shrine_of_shade
Swamp:4:  swamp_old_school, layout_basic_swamp
Snake:1:  nicolae_snake_shooting_gallery, layout_gridlike, serial_shops,
          bzr_firewalk, uniq_azrael, uniq_nikola
Snake:2:  layout_cave_pods, gammafunk_ghost_arena, nicolae_snake_coiling_death
Snake:3:  layout_gridlike, st_stairs_9
Snake:4:  grunt_snake_rune_pools, layout_misc_corridors, nicolae_snake_lava_pool
Orc:1:    layout_caves, portal_ice_cave_entry_pillars_2, uniq_urug
Orc:2:    hellmonk_orc_salted, layout_diamond_mine
Elf:1:    elf_arrival_001, layout_loops_ring, gammafunk_ghost_berserking_beasts,
          minmay_elf_necromancy, uniq_frances
Elf:2:    nicolae_elf_blades_crystal_corner, layout_gridlike, serial_shops,
          nicolae_take_the_stairs
Elf:3:    minmay_elf_hall_dome, layout_gridlike, basic_altar, minmay_shop_grove
Vaults:1: v_alt_pattern_6, st_hourglassy, hangedman_vaults_stretched_pinwheel,
          hangedman_vaults_unwind, vaults_room_large_hall,
          vaults_room_large_hall, v_rooms_3, hangedman_vaults_trim,
          vaults_mumra_minichess, ontoclasm_vaults_idyll, layout_vaults_ring
Vaults:2: vaults_mumra_lcd, v_misc_27, nicolae_vaults_angled_halls, st_lines,
          vaults_standard_mumra_x, hangedman_vaults_pinch, v_misc_9,
          nicolae_vaults_network_barrier, hangedman_vaults_slice,
          ontoclasm_vaults_twist, hangedman_vaults_impose,
          layout_vaults_maze_snakey
Vaults:3: v_misc_28, ontoclasm_vaults_chip, nicolae_vaults_quadrants,
          v_alt_pattern_2, minmay_crypt_entry_simple_sparse,
          vaults_room_door_hall, hangedman_vaults_restitches, v_misc_27,
          nicolae_vaults_little_squares_1, vaults_dpeg_diagonal,
          nicolae_vaults_little_squares_3, hangedman_vaults_impose, v_misc_14,
          layout_vaults_omnicross, serial_shops, shop_statue
Vaults:4: vaults_dpeg_cross, v_rooms_5, vaults_room_large_hall,
          ontoclasm_vaults_pinch, hangedman_vaults_impose, v_misc_26,
          layout_vaults_omnigrid, serial_shops,
          nicolae_shop_competitors_out_of_business, shop,
          nicolae_shop_statue_plus, nicolae_shop_statue_plus

Skill      XL: |  1  2  3  4  5  6  7  8  9 10 11 12 13 14 15 16 17 18 19 20 21 |
---------------+----------------------------------------------------------------+-----
Spellcasting   | 3 4 5 6 8 10 11 | 11.3
Summonings     | 5 6 7 9 11 12 | 12.7
Hexes          | 1 3 4 |  4.0
Air Magic      | 2 4 5 9 12 14 16 17 | 17.4
Fighting       | 4 8 11 12 13 15 16 | 16.6
Translocations | 4 |  4.0
Dodging        | 5 9 11 12 14 17 19 | 19.0
Transmutations | 5 9 12 15 16 17 | 17.4
Unarmed Combat | 5 9 11 | 11.6
Stealth        | |  2.6

Action                     |  1- 3 |  4- 6 |  7- 9 | 10-12 | 13-15 | 16-18 | 19-21 || total
---------------------------+-------+-------+-------+-------+-------+-------+-------++-------
  Melee: Unarmed           |    65 |    34 |    54 |     4 |       |   864 |  1004 ||  2025
         Constrict         |    23 |     9 |    17 |    11 |    20 |     3 |     2 ||    85
         Tentacles         |    18 |     7 |    17 |    13 |    21 |    10 |     2 ||    88
         Punch             |     1 |       |     1 |     1 |     2 |    17 |    64 ||    86
         Staff             |       |       |       |    41 |    73 |       |     8 ||   122
         Dagger            |       |       |       |       |     2 |    34 |       ||    36
   Cast: Summon Small Mamm |    50 |    10 |     2 |       |     1 |       |     1 ||    64
         Call Canine Famil |     1 |    10 |    38 |    31 |    30 |    19 |     4 ||   133
         Call Imp          |       |     9 |     2 |       |     2 |     2 |       ||    15
         Summon Guardian G |       |     1 |    27 |    33 |    28 |    12 |     1 ||   102
         Summon Lightning  |       |       |    32 |    36 |    25 |    10 |     2 ||   105
         Summon Mana Viper |       |       |       |    48 |   124 |    72 |    40 ||   284
         Summon Cactus Gia |       |       |       |    30 |   129 |    69 |    43 ||   271
         Summon Forest     |       |       |       |    14 |    61 |    32 |    19 ||   126
         Storm Form        |       |       |       |       |       |    94 |   107 ||   201
 Invoke: Call Merchant     |       |       |       |       |     5 |     1 |     4 ||    10
Ability: Blinkbolt         |       |       |       |       |       |    11 |    17 ||    28
         End Transformatio |       |       |       |       |       |       |     1 ||     1
  Evoke: Wand              |       |       |       |       |     2 |       |       ||     2
    Use: Scroll            |       |       |    15 |     7 |     9 |     5 |    11 ||    47
         Potion            |       |       |     1 |       |       |     5 |     4 ||    10
   Stab: Sleeping          |     1 |     1 |       |       |       |       |       ||     2
         Distracted        |       |       |     2 |       |     1 |     9 |     4 ||    16
         Betrayed ally     |       |       |       |     1 |       |       |       ||     1
 Armour: Skin              |    15 |     3 |     2 |     4 |    13 |   265 |   375 ||   677
  Dodge: Dodged            |    58 |    23 |    44 |    85 |   114 |  1470 |  1391 ||  3185

Table legend: (Time is in decaauts)
 A = Elapsed time spent in this place.
 B = Non-inter-level travel time spent in this place.
 C = Inter-level travel time spent in this place.
 D = Time resting spent in this place.
 E = Time spent auto-exploring this place.
 F = Levels seen in this place.
 G = Mean time per level.
                   A        B        C        D        E       F      G
               +--------+--------+--------+--------+--------+-----+--------+
         Total |  57028 |  54357 |   2671 |   8469 |  35024 |  43 | 1326.2 |
       Dungeon |  17299 |  15726 |   1573 |    800 |  11680 |  15 | 1153.3 |
        Temple |    104 |     93 |     11 |      0 |     74 |   1 |  104.0 |
          Lair |   6971 |   6593 |    378 |    819 |   4557 |   5 | 1394.2 |
         Swamp |   6391 |   6295 |     96 |   1955 |   2969 |   4 | 1597.8 |
     Snake Pit |  10331 |  10155 |    176 |   3030 |   5346 |   4 | 2582.8 |
  Orcish Mines |   1942 |   1875 |     67 |    151 |   1337 |   2 |  971.0 |
   Elven Halls |   3774 |   3631 |    143 |    301 |   2539 |   3 | 1258.0 |
        Vaults |   7893 |   7668 |    225 |    757 |   5759 |   4 | 1973.2 |
         Abyss |    641 |    641 |      0 |      0 |    308 |   2 |  320.5 |
        Bazaar |    173 |    173 |      0 |      0 |     85 |   1 |  173.0 |
       Ossuary |    517 |    517 |      0 |    142 |    157 |   1 |  517.0 |
      Ice Cave |    986 |    986 |      0 |    514 |    212 |   1 |  986.0 |
               +--------+--------+--------+--------+--------+-----+--------+

Top non-repeatable levels by time:
 Snake:3: 3219 daAuts
 Snake:1: 2986 daAuts
Vaults:3: 2669 daAuts
 Snake:4: 2185 daAuts
Vaults:1: 2033 daAuts
 Swamp:1: 1972 daAuts
 Snake:2: 1939 daAuts
Vaults:4: 1770 daAuts
 Swamp:4: 1764 daAuts
  Lair:2: 1737 daAuts
     D:4: 1662 daAuts
     D:7: 1551 daAuts
   Elf:2: 1491 daAuts
 Swamp:2: 1469 daAuts
Vaults:2: 1421 daAuts
